 Dungeon Crawl Stone Soup version 0.29.0-13-gc9e81de378 (webtiles) character file.

Game seed: 1952742593791392129

76 QueenGhuleh the Chopper (level 4, 0/61 HPs)
             Began as a Minotaur Berserker on Sept 8, 2022.
             Was a Believer of Trog.
             Slain by a gnoll
             ... wielding a +0 whip
              (4 damage)
             ... on level 2 of the Dungeon.
             The game lasted 00:07:16 (1004 turns).

QueenGhuleh the Chopper (Minotaur Berserker)        Turns: 1004, Time: 00:07:17

Health: 0/61       AC:  6    Str: 24    XL:     4   Next: 12%
Magic:  3/3        EV: 10    Int:  4    God:    Trog [**....]
Gold:   61         SH:  0    Dex:  9    Spells: 3/3 levels left

rFire   . . .      SeeInvis .   m - +0 bardiche
rCold   . . .      Faith    .   (shield currently unavailable)
rNeg    . . .      Spirit   .   d - +0 scale mail
rPois   .          Reflect  .   (helmet restricted)
rElec   .          Harm     .   (no cloak)
rCorr   .          Rampage  .   (no gloves)
Will    .....                   (no boots)
Stlth   ..........              (no amulet)
HPRegen 0.20/turn               (no ring)
MPRegen 0.08/turn               (no ring)

@: berserking, very quick
A: horns 2, retaliatory headbutt
a: Renounce Religion, Berserk, Trog's Hand


You were on level 2 of the Dungeon.
You worshipped Trog.
Trog was pleased with you.
You visited 1 branch of the dungeon, and saw 2 of its levels.

You collected 61 gold pieces.

Inventory:

Hand Weapons
 a - a +0 hand axe
 m - a +0 bardiche (weapon)
Armour
 d - a +0 scale mail (worn)
Scrolls
 c - 4 scrolls of teleportation {unknown}
 i - 2 scrolls of enchant weapon {unknown}
 k - a scroll of magic mapping {unknown}
 l - a scroll of blinking {unknown}
Potions
 b - a potion of ambrosia {unknown}
 e - 2 potions of curing {unknown}
 f - a potion of invisibility {unknown}
 g - a potion of cancellation {unknown}
 h - a potion of flight {unknown}
 j - a potion of might {unknown}
 n - a potion of attraction {unknown}


   Skills:
 + Level 4.5 Fighting
 + Level 5.0 Axes
 + Level 0.1(3.0) Polearms
 + Level 2.6 Armour
 + Level 2.5 Dodging


You had 3 spell levels left.
You didn't know any spells.
Your spell library was empty.

Dungeon Overview and Level Annotations

Branches:
Dungeon (2/15)

Altars:


Innate Abilities, Weirdness & Mutations

You have a pair of horns on your head.
You reflexively headbutt those who attack you in melee.


Message History

A gnoll comes into view. It is wielding a +0 whip.
The gnoll shouts!
A gnoll comes into view. It is wielding a +0 halberd.
A gnoll comes into view. It is wielding a +0 whip.
A ball python comes into view.
The ball python hisses angrily.
The gnoll shouts!
You reach to attack!
You barely miss the gnoll. The gnoll barely misses you.
The gnoll closely misses you.
You closely miss the gnoll. The gnoll barely misses you.
You furiously retaliate!
You headbutt the gnoll!
You kill the gnoll!
Trog accepts your kill.
The gnoll hits you from afar with a +0 halberd!
Your Axes skill increases to level 5!
You have reached level 4!
You feel stronger.
A red film seems to cover your vision as you go berserk!
You feel yourself moving faster!
You feel mighty! The ball python closely misses you.
The ball python barely misses you.
The gnoll hits you from afar with a +0 halberd!
The ball python bites you. The ball python closely misses you.
You are too injured to fight recklessly!
You are too injured to fight recklessly!
You are too injured to fight recklessly!
You are too injured to fight recklessly!
You closely miss the ball python. The gnoll completely misses you.
The ball python closely misses you. The ball python grabs you.
The ball python constricts you.
The gnoll hits you from afar with a +0 halberd!
* * * LOW HITPOINT WARNING * * *
The gnoll hits you with a +0 whip.
* * * LOW HITPOINT WARNING * * *
You slice the ball python!!
You feel the power of Trog in you as your rage grows.
You kill the ball python!
Trog accepts your kill.
The gnoll hits you from afar with a +0 halberd!
* * * LOW HITPOINT WARNING * * *
The gnoll hits you with a +0 whip.
You die...

#......# ##. ##...###
####.. #..#..###
#....# #.###...#
#.#### #.#
###.###.##..
#.#####........#
####.##.........###
###.##g........#####.#
. ......)@.....### #.#
.....g.#..#### ...
...######.# .... #
#..# ..... ##.# ## ..
#.. ..#


You could see 2 gnolls.

Vanquished Creatures
  A gnoll (D:2)
  2 adders (D:2)
  A worm (D:2)
  2 dart slugs (D:1)
  7 ball pythons
  3 bats (D:1)
  4 endoplasms
  2 giant cockroaches
  2 goblins (D:1)
  4 hobgoblins
  2 quokkas (D:1)
  4 frilled lizards
  6 rats
40 creatures vanquished.

Notes
Turn   | Place    | Note
-------+----------+-------------------------------------------
     0 | D:1      | QueenGhuleh the Minotaur Berserker began the quest for the
                  | Orb.
     0 | D:1      | Reached XP level 1. HP: 19/19 MP: 0/0
    89 | D:1      | Reached XP level 2. HP: 27/27 MP: 1/1
   140 | D:1      | Reached skill level 4 in Axes
   371 | D:1      | Reached XP level 3. HP: 33/33 MP: 2/2
   398 | D:1      | Reached ** piety under Trog
  1002 | D:2      | Reached skill level 5 in Axes
  1002 | D:2      | Reached XP level 4. HP: 26/41 MP: 3/3
  1004 | D:2      | Slain by a gnoll

Illustrated notes

Levels and vault maps discovered:
D:1:      onia_arrival_pentagram, layout_basic, supply_closet_lemuel,
          minmay_pentomino_w2
D:2:      layout_rooms, hellmonk_ecumenical_altar_lost_god, basic_altar

Skill      XL: |  1  2  3 |
---------------+----------+-----
Axes           | 4 5 |  5.0
Fighting       | 4 |  4.5
Polearms       | |  0.1
Armour         | |  2.6
Dodging        | |  2.5

Action                   |  1- 3 |  4- 6 || total
-------------------------+-------+-------++-------
Melee: Hand axe          |    42 |       ||    42
       Headbutt          |    10 |       ||    10
       Punch             |     1 |       ||     1
       Bardiche          |    25 |     2 ||    27
Invok: Berserk           |       |     1 ||     1
Armor: Scale mail        |    19 |       ||    19
Dodge: Dodged            |    48 |     5 ||    53
